 Dungeon Crawl Stone Soup version 0.17-a0-543-g13d7571 (console) character file.

3073 MrRokkomies the Martial Artist (level 9, -1/52 HPs)
             Began as a Vine Stalker Transmuter on Apr 12, 2015.
             Was a Priest of Cheibriados.
             Slain by a gnoll
             ... wielding a +1 halberd of electrocution
              (17 damage)
             ... in a bailey on Apr 13, 2015.
             The game lasted 00:35:23 (5246 turns).

MrRokkomies the Martial Artist (VSTm)               Turns: 5246, Time: 00:35:23

Health: -1/52      AC:  9    Str: 21    XL:     9   Next: 88%
Magic:  0/13       EV: 12    Int: 24    God:    Cheibriados [***...]
Gold:   70         SH:  0    Dex: 23    Spells: 4 memorised, 2 levels left

rFire  . . .     SeeInvis .       - Unarmed
rCold  + . .     Clarity  +     B - +1 ring mail {rC+}
rNeg   . . .     SustAb   .     (no shield)
rPois  .         Gourm    .     l - +0 helmet
rElec  .         Spirit   +     u - +0 cloak
rCorr  .         Warding  .     (no gloves)
rMut   .         Stasis   .     (no boots)
MR     +....                    p - amulet of clarity
Stlth  ++........               r - ring of stealth
                                n - +5 ring of slaying

@: very slow, somewhat resistant to hostile enchantments, unstealthy
A: fangs 3, regeneration 2, shaggy fur 1, magic shield, antimagic bite, no
device heal 3, rot immunity
a: Bend Time, Temporal Distortion, Renounce Religion


You were in a bailey.
You worshipped Cheibriados.
Cheibriados was most pleased with you.
You were not hungry.

You visited 1 branch of the dungeon, and saw 7 of its levels.
You also visited: Ossuary and Bailey.

You collected 280 gold pieces.
You spent 210 gold pieces at shops.

Inventory:

Hand weapons
 z - a +1 hunting sling of evasion
Missiles
 b - 72 arrows
 g - 244 stones (quivered)
 j - 54 tomahawks of returning
 k - 16 poisoned needles
 A - 30 sling bullets
Armour
 l - a +0 helmet (worn)
 u - a +0 cloak (worn)
 B - a +1 ring mail of cold resistance (worn)
Jewellery
 n - a +5 ring of slaying (left hand)
 p - an amulet of clarity (around neck)
 r - a ring of stealth (right hand)
 v - an uncursed ring of wizardry
 x - an uncursed ring of wizardry
 y - an uncursed ring of ice
Magical devices
 E - a wand of digging (22)
Scrolls
 e - 4 scrolls of identify
 s - 4 scrolls of enchant armour
Potions
 f - a potion of resistance
 h - 2 potions of cure mutation
 m - 3 potions of restore abilities
 o - 4 potions of curing
 t - 3 potions of magic
 w - 2 potions of ambrosia
 C - 3 potions of brilliance
Books
 d - a book of Changes

   Spells                             Type                      Level
   a - Beastly Appendage              Transmutation                1
   b - Sticks to Snakes               Transmutation                2
   c - Spider Form                    Transmutation/Poison         3
   d - Ice Form                       Ice/Transmutation            4
   e - Blade Hands                    Transmutation                5
Comestibles
 a - 2 bread rations
 c - 2 beef jerkies
 i - 6 fruits
 D - a meat ration


   Skills:
 * Level 8.9 Fighting
 - Level 1.5 Dodging
 * Level 9.9 Unarmed Combat
 - Level 2.1 Spellcasting
 - Level 2.0 Transmutations


You had 2 spell levels left.
You knew the following spells:

 Your Spells              Type           Power        Failure   Level  Hunger
a - Beastly Appendage     Trmt           ##....       10%         1    None
b - Sticks to Snakes      Trmt           ##........   14%         2    ##.....
c - Spider Form           Trmt/Pois      #.........   38%         3    ###....
d - Ice Form              Ice/Trmt       #.......     95%         4    ####...


Dungeon Overview and Level Annotations

Branches:
Dungeon (7/15)             Temple (0/1) D:5

Altars:
Cheibriados
Fedhas
Makhleb
Nemelex Xobeh
Qazlal
Ru
Zin
The Shining One

Shops:
D:6 *


Innate Abilities, Weirdness & Mutations

You have razor-sharp teeth.
You heal very quickly.
You are covered in fur (AC +1).
When hurt, damage is shared between your health and your magic reserves.
Your bite disrupts and absorbs the magic of your enemies.
Potions and wands cannot restore your health.
You are immune to rotting.


Message History

The gnoll hits you with a halberd of electrocution!
The gnoll hits you from afar with a halberd of electrocution!
You are electrocuted!
* * * LOW HITPOINT WARNING * * *
All of the chunks of flesh in your inventory have rotted away.
There is an open door, spattered with blood here.
Things that are here:
6 potions of curing; 7 tomahawks of returning The gnoll hits you but does no damage.
The gnoll hits you from afar with a halberd of electrocution.
* * * LOW HITPOINT WARNING * * *
Things that are here:
a halberd; a tomahawk
There is an open door, spattered with blood here.
You see here a kobold corpse.
The gnoll barely misses you.
Things that are here:
a halberd of electrocution; a gnoll corpse The gnoll hits you but does no damage.
You are electrocuted!
You die...

##### ### ###
##(!o###.###.#
#(###g##'##'##
#..o.o## ##g....##
#....g ###.)...###
.'..⌠.! #.'..@..).#
##...!. ###....†###
#.....# ##....)##
##'##K###'##'##'## #.
#g#.###.###.# ### ###
##### ### #'#
#.###.###)#.###.###†#
##'##'##+###'##'##'##
##....!## ##.....##
###.....#####...).###
#.'..\..'.#.'..†..'.#


You could see an orc knight and 2 gnolls.

Vanquished Creatures
  The ghost of hornqvist the Grappler, an experienced TrFi of Okawaru (D:6)
  Joseph (D:7)
  The ghost of GenKras the Conjurer, an experienced HuCj (D:7)
  Prince Ribbit (D:6)
  Duvessa (D:4)
  A centaur (D:5)
  2 giant frogs (D:5)
  A wyvern zombie (D:6)
  Dowan (D:4)
  A gnoll sergeant (D:6)
  3 water moccasin zombies (Ossuary)
  3 scorpions
  3 wights (D:5)
  A hound (D:4)
  2 jellies
  2 orc priests
  2 orc wizards (D:6)
  Crazy Yiuf (D:3)
  3 worker ants
  2 big kobold zombies (Ossuary)
  2 mummies (Ossuary)
  Robin (D:4)
  20 gnolls
  A shadow imp (D:4)
  9 adders
  3 worms
  7 adder zombies
  9 orcs
  11 bats
  2 bat skeletons (D:4)
  16 goblins
  19 hobgoblins
  4 jackals
  3 quokkas
  A ball python (D:1)
  A giant cockroach (D:1)
  4 giant geckos
  4 giant newts
  5 hobgoblin zombies (Ossuary)
  16 kobolds
  5 kobold zombies (Ossuary)
  3 orc zombies (Ossuary)
  7 rats
186 creatures vanquished.

Vanquished Creatures (others)
  A butterfly (D:3)
1 creature vanquished.

Grand Total: 187 creatures vanquished

Notes
Turn   | Place    | Note
--------------------------------------------------------------
     0 | D:1      | MrRokkomies, the Vine Stalker Transmuter, began the quest for the Orb.
     0 | D:1      | Reached XP level 1. HP: 9/9 MP: 4/4
     0 | D:1      | Upgraded the game from 0.17-a0-528-gc205fd0 to 0.17-a0-543-g13d7571
    46 | D:1      | Reached skill level 1 in Fighting
   246 | D:1      | Reached XP level 2. HP: 7/14 MP: 3/6
   345 | D:1      | You fall through a shaft!
   532 | D:1      | Reached XP level 3. HP: 18/18 MP: 7/7
  1137 | D:2      | Learned a level 2 spell: Sticks to Snakes
  1141 | D:2      | Learned a level 3 spell: Spider Form
  1452 | D:3      | Found a burning altar of Makhleb.
  1452 | D:3      | Noticed a balrug
  1455 | D:3      | Noticed a neqoxec
  1455 | D:3      | Noticed a smoke demon
  1480 | D:3      | Reached XP level 4. HP: 23/23 MP: 8/8
  1488 | D:3      | Reached skill level 4 in Unarmed Combat
  1577 | D:3      | Noticed Crazy Yiuf
  1585 | D:3      | Killed Crazy Yiuf
  1585 | D:3      | Reached XP level 5. HP: 26/28 MP: 9/9
  1759 | D:3      | Found a glowing golden altar of the Shining One.
  2212 | D:4      | Noticed Dowan
  2215 | D:4      | Noticed Duvessa
  2222 | D:4      | Killed Duvessa
  2222 | D:4      | Reached skill level 5 in Unarmed Combat
  2222 | D:4      | Gained mutation: You heal very quickly. [Vine Stalker growth]
  2222 | D:4      | Reached XP level 6. HP: 21/33 MP: 7/10
  2227 | D:4      | Killed Dowan
  2244 | D:4      | Found a sacrificial altar of Ru.
  2255 | D:4      | Noticed Robin
  2263 | D:4      | Killed Robin
  2531 | D:4      | Reached XP level 7. HP: 38/38 MP: 11/11
  2546 | D:4      | Found a blossoming altar of Fedhas.
  2949 | D:4      | Reached skill level 6 in Unarmed Combat
  3061 | D:5      | Entered Level 5 of the Dungeon
  3069 | D:5      | Reached skill level 5 in Fighting
  3091 | D:4      | Found a snail-covered altar of Cheibriados.
  3104 | D:4      | Became a worshipper of Cheibriados the Contemplative
  3163 | D:5      | Found a staircase to the Ecumenical Temple.
  3217 | D:5      | Found a sand-covered staircase.
  3226 | Ossuary  | Entered an ossuary
  3361 | Ossuary  | Acquired Cheibriados's first power
  3389 | Ossuary  | Gained mutation: You have razor-sharp teeth. [Vine Stalker growth]
  3389 | Ossuary  | Reached XP level 8. HP: 32/44 MP: 9/12
  3616 | D:5      | Reached skill level 7 in Unarmed Combat
  3700 | D:5      | Found a sparkling altar of Nemelex Xobeh.
  4285 | D:6      | Reached skill level 8 in Unarmed Combat
  4359 | D:6      | Found Uduik's Assorted Antiques.
  4366 | D:6      | Bought a scroll labeled XUOMUR CEXU for 27 gold pieces
  4366 | D:6      | Bought a scroll labeled ZEITAO WOJITA for 27 gold pieces
  4366 | D:6      | Bought a gold wand for 108 gold pieces
  4366 | D:6      | Bought 2 bubbling silvery potions for 48 gold pieces
  4436 | D:6      | Found a stormy altar of Qazlal.
  4445 | D:6      | Noticed Prince Ribbit
  4454 | D:6      | Killed Prince Ribbit
  4454 | D:6      | Reached XP level 9. HP: 48/50 MP: 13/13
  4489 | D:6      | Noticed hornqvist's ghost (experienced TrFi)
  4501 | D:6      | Killed hornqvist's ghost
  4501 | D:6      | Reached skill level 9 in Unarmed Combat
  4653 | D:6      | Found a glowing silver altar of Zin.
  4790 | D:6      | Learned a level 4 spell: Ice Form
  4835 | D:7      | Noticed Joseph
  4843 | D:7      | Noticed GenKras's ghost (experienced HuCj)
  4850 | D:7      | Killed GenKras's ghost
  4874 | D:7      | Killed Joseph
  4924 | D:7      | Found a flagged portal.
  4930 | Bailey   | Entered a bailey
  4976 | Bailey   | Acquired Cheibriados's second power
  5091 | Bailey   | Noticed an orc knight
  5246 | Bailey   | Slain by a gnoll

Action                   |  1- 3 |  4- 6 |  7- 9 || total
-------------------------+-------+-------+-------++-------
Melee: Unarmed           |   112 |    56 |   267 ||   435
Throw: Stone             |     8 |     2 |     7 ||    17
       Tomahawk          |     4 |    17 |    32 ||    53
 Cast: Beastly Appendage |     3 |     4 |     2 ||     9
  Use: Scroll            |     8 |     2 |    17 ||    27
       Potion            |       |     1 |     2 ||     3
 Stab: Sleeping          |       |     3 |     9 ||    12
  Eat: Chunk             |     1 |     4 |     3 ||     8
       Bread ration      |       |       |     1 ||     1
